 Dungeon Sprint DCSS version 0.31-a0-848-gaac375c287 (webtiles) character file.

Game seed: 205290164344305196

96 sircluck the Ruffian (level 4, -3/49 HPs)
             Began as a Troll Berserker on Oct 4, 2023.
             Was a Priest of Trog.
             Slain by a red devil
             ... wielding a +0 trident
             ... summoned by a kobold demonologist
              (5 damage)
             ... in the Dungeon (Sprint III: "The Ten Rune Challenge").
             The game lasted 00:00:37 (642 turns).

sircluck the Ruffian (Troll Berserker)               Turns: 642, Time: 00:00:38

Health: -3/49      AC:  4    Str: 27    XL:     4   Next: 41%
Magic:  3/3        EV: 10    Int:  3    God:    Trog [***...]
Gold:   13         SH:  0    Dex:  7    Spells: 3/3 levels left

rFire   . .          .
                       - Unarmed
rCold   . . .        (no shield)
rNeg    . . .        a - +0 animal skin
rPois   .            (helmet restricted)
rElec   .            (no cloak)
rCorr   .            (gloves unavailable)
SInv    .            (boots unavailable)
Will    .....        (no amulet)
Stlth   +            (no ring)
HPRegen 1.08/turn    (no ring)
MPRegen 0.08/turn

%: no teleportation
@: spiked
A: large, unfitting armour, claws 3, regeneration 1, shaggy fur 1, tough skin 1,
clumsy 1, devolution 1
a: Renounce Religion, Berserk, Trog's Hand


You were in the Dungeon.
You worshipped Trog.
Trog was most pleased with you.
You visited 1 branch You collected 13 gold pieces.

Inventory:

Missiles
 i - 3 large rocks
Armour
 a - a +0 animal skin (worn)
Scrolls
 g - a scroll of blinking
 k - a scroll of poison {unknown}
 l - 3 scrolls of identify
 n - a scroll of torment {unknown}
Potions
 b - a potion of curing
 c - a potion of heal wounds
 d - a potion of haste
 e - 2 potions of magic
 f - 2 potions of berserk rage
 h - 2 potions of brilliance {unknown}
 m - a potion of attraction {unknown}
 o - a potion of enlightenment {unknown}


   Skills:
 + Level 4.9 Fighting
 + Level 4.8 Dodging
 + Level 5.8 Unarmed Combat


You had 3 spell levels left.
You didn't know any spells.
Your spell library was empty.

Dungeon Overview and Level Annotations

Branches:
Dungeon (1/1)

Altars:
Kikubaaqudgha
Sif Muna
Vehumet


Innate Abilities, Weirdness & Mutations

You are too large for most types of armour.
You have claws for hands.
Your natural rate of healing is unusually fast.
You are covered in fur. (AC +1)
You have tough skin. (AC +1)
You are clumsy. (Dex -2)
You have hidden genetic defects.


Message History

The wizard hits you with a +0 dagger.
The kobold demonologist mumbles some strange words.
The wizard gestures at you while chanting.
The quasit disappears in a puff of smoke!
The ufetubus disappears in a puff of smoke!
The wizard casts a spell.
The wizard flickers and vanishes!
Deactivating autopickup; reactivate with Ctrl-A.
The ufetubus completely misses you.
The ufetubus hits you but does no damage.
The ufetubus hits you but does no damage.
The ufetubus closely misses you. Something hits you.
The ufetubus closely misses you. The ufetubus barely misses you.
Something hits you. The ufetubus closely misses you.
The ufetubus completely misses you. The ufetubus barely misses you.
The ufetubus hits you.
You hear some strange, mumbled words.
The ufetubus closely misses you. The ufetubus barely misses you.
The ufetubus hits you but does no damage.
The ufetubus misses you.
The red devil hits you from afar with a +0 trident!
Barbed spikes become lodged in your body.
The iron imp hits you.
The ufetubus closely misses you. x2; The ufetubus hits you. x2
The red devil hits you from afar with a +0 trident!
* * * LOW HITPOINT WARNING * * *
Barbed spikes become lodged in your body.
The kobold demonologist begins to cast a cantrip, but forgets the words!
You hear some strange, mumbled words.
The iron imp barely misses you.
The ufetubus hits you but does no damage.
The ufetubus barely misses you.
The red devil hits you from afar with a +0 trident!
* * * LOW HITPOINT WARNING * * *
Barbed spikes become lodged in your body.
The ufetubus hits you but does no damage.
The ufetubus misses you. The iron imp misses you.
The ufetubus barely misses you. The ufetubus misses you.
The red devil hits you from afar with a +0 trident.
You die...

#..'....♣ ♣.# #..#....♣
♣♣.# ####....♣♣ ..#
...#....~♣♣♣♣♣.###+#+###
...#...~~♣.♣.♣.#........
...#..~~~~♣♣.♣.'.⌠......
##'#..~≈≈~~~.♣.#...#####
...#.~~≈~~~....#.§.#
.†.#.~≈~~~.....#@5.#
...#.~~~.......#5###
####...........#K4
...............#5__
▓▓▓▓▓▓▓▓▓▓▓▓▓▓▓▓▓▓▓▓


You could see a kobold demonologist, a red devil (summoned), an iron imp
(summoned) and 2 ufetubi.

Vanquished Creatures
  A water elemental (D)
  A human (D)
  A wolf (D)
  2 endoplasms (D)
  2 rats (D)
7 creatures vanquished.

Notes
Turn   | Place    | Note
-------+----------+-------------------------------------------
     0 | D        | sircluck the Troll Berserker began the quest for the Orb.
     0 | D        | Reached XP level 1. HP: 22/22 MP: 0/0
    13 | D        | Reached ** piety under Trog
    43 | D        | Reached skill level 4 in Unarmed Combat
    43 | D        | Reached XP level 2. HP: 7/31 MP: 1/1
    83 | D        | Reached XP level 3. HP: 31/39 MP: 2/2
   106 | D        | Gained mutation: You occasionally shout uncontrollably at
                  | your foes. [potion of mutation]
   106 | D        | Gained mutation: You are vulnerable to heat. (rF-) [potion
                  | of mutation]
   107 | D        | Lost mutation: You occasionally shout uncontrollably at
                  | your foes. [potion of mutation]
   107 | D        | Lost mutation: You are vulnerable to heat. (rF-) [potion of
                  | mutation]
   107 | D        | Gained mutation: You occasionally lose the ability to read
                  | scrolls when taking damage. [potion of mutation]
   107 | D        | Gained mutation: You have sharp toenails. [potion of
                  | mutation]
   108 | D        | Lost mutation: You occasionally lose the ability to read
                  | scrolls when taking damage. [potion of mutation]
   108 | D        | Lost mutation: You have sharp toenails. [potion of
                  | mutation]
   108 | D        | Gained mutation: You have hidden genetic defects. [potion
                  | of mutation]
   576 | D        | Noticed a water elemental
   582 | D        | Killed a water elemental
   582 | D        | Reached *** piety under Trog
   583 | D        | Reached skill level 5 in Unarmed Combat
   583 | D        | Reached XP level 4. HP: 49/49 MP: 3/3
   597 | D        | Gained mutation: You are clumsy. (Dex -2) [hidden defects]
   626 | D        | Found a radiant altar of Vehumet.
   626 | D        | Found a shimmering blue altar of Sif Muna.
   626 | D        | Found an ancient bone altar of Kikubaaqudgha.
   626 | D        | Noticed a wizard
   635 | D        | Noticed a red devil
   641 | D        | HP: 1/49 [red devil/+0 trident[a kobold demonologist] (9)]
   642 | D        | Slain by a red devil

Illustrated notes

Levels and vault maps discovered:
D:        dungeon_sprint_mu [sprint_mu_entry_forest, sprint_mu_temple_rooms,
          sprint_mu_d1_horrors, sprint_mu_d2_genie, sprint_mu_d3_branching,
          sprint_mu_orc_legion, sprint_mu_elf_gauntlet, sprint_mu_hive_nellie,
          sprint_mu_lair_fedhas, sprint_mu_vaults_butterflies,
          sprint_mu_slime_circle, sprint_mu_swamp_cave, sprint_mu_shoals_archi,
          sprint_mu_blade_basic, sprint_mu_crypt_fortress,
          sprint_mu_tomb_spiral, sprint_mu_vestibule_basic,
          sprint_mu_gehenna_hellfire, sprint_mu_dis_giant,
          sprint_mu_tartarus_statrot, sprint_mu_cocytus_islands, sprint_mu_zot1]

Skill      XL: |  1  2  3 |
---------------+----------+-----
Fighting       | 3 4 |  4.9
Dodging        | 3 4 |  4.8
Unarmed Combat | 4 5 |  5.8

Action                     |  1- 3 |  4- 6 || total
---------------------------+-------+-------++-------
  Melee: Unarmed           |    25 |     1 ||    26
 Invoke: Berserk           |     1 |       ||     1
    Use: Potion            |     3 |       ||     3
 Armour: Animal skin       |    11 |    20 ||    31
  Dodge: Dodged            |     8 |    20 ||    28

Table legend: (Time is in decaauts)
 A = Elapsed time spent in this place.
 B = Non-inter-level travel time spent in this place.
 C = Inter-level travel time spent in this place.
 D = Time resting spent in this place.
 E = Time spent auto-exploring this place.
 F = Levels seen in this place.
 G = Mean time per level.
                   A        B        C        D        E       F      G
               +--------+--------+--------+--------+--------+-----+--------+
         Total |    649 |    636 |     13 |    498 |     68 |   1 |  649.0 |
       Dungeon |    649 |    636 |     13 |    498 |     68 |   1 |  649.0 |
               +--------+--------+--------+--------+--------+-----+--------+

Top non-repeatable levels by time:
       D: 649 daAuts
